 Dungeon Crawl Stone Soup version 0.24-a0-92-g7d8ec57 (console) character file.

Game seed: 11524309003764144351

245 Duffy the Ruffian (level 5, -6/40 HPs)
             Began as a Draconian Transmuter on Feb 9, 2019.
             Mangled by an ogre
             ... wielding a +0 giant club
              (21 damage)
             ... on level 4 of the Dungeon.
             The game lasted 00:03:25 (3580 turns).

Duffy the Ruffian (Draconian Transmuter)            Turns: 3580, Time: 00:03:25

Health: -6/40      AC:  6    Str: 13    XL:     5   Next: 83%
Magic:  4/8        EV: 12    Int: 14    God:
Gold:   57         SH:  0    Dex: 11    Spells: 2/8 levels left

rFire    . . .     SeeInvis .     - Unarmed
rCold    . . .     Gourm    .   (no shield)
rNeg     . . .     Faith    .   (armour unavailable)
rPois    .         Spirit   .   (helmet restricted)
rElec    .         Reflect  .   h - +0 cloak
rCorr    .         Harm     .   (no gloves)
MR       .....                  (no boots)
Stlth    +.........             (no amulet)
HPRegen  0.13/turn              (no ring)
MPRegen  0.11/turn              (no ring)

@: no status effects
A: unfitting armour, cold-blooded, AC +5
a: no special abilities


You were on level 4 of the Dungeon.
You were not hungry.

You visited 1 branch of the dungeon, and saw 4 of its levels.

You collected 57 gold pieces.

Inventory:

Missiles
 a - 54 arrows
Armour
 h - a +0 cloak (worn)
Scrolls
 e - a scroll of fear {unknown}
 f - 2 scrolls of enchant armour {unknown}
 g - 2 scrolls of blinking {unknown}
 i - a scroll of enchant weapon {unknown}
Potions
 b - a potion of resistance {unknown}
 d - a potion of degeneration {unknown}
 j - a potion of curing {unknown}
 k - a potion of invisibility {unknown}
Comestibles
 c - 3 rations


   Skills:
 - Level 1.1 Fighting
 - Level 1.7 Dodging
 + Level 4.6 Unarmed Combat
 - Level 2.0 Spellcasting
 + Level 4.0 Transmutations
 + Level 2.6 Poison Magic


You had 2 spell levels left.
You knew the following spells:

 Your Spells              Type           Power        Failure   Level  Hunger
h - Spider Form           Tmut/Pois      ##........   19%         3    ####...
j - Sticks to Snakes      Tmut           ##......     7%          2    ###....
k - Beastly Appendage     Tmut           ##....       4%          1    ##.....

Your spell library contained the following spells:

 Spells                   Type           Power        Failure   Level  Hunger
 Ice Form                 Ice/Tmut       #.......     71%         4    #####..
 Blade Hands              Tmut           ##........   77%         5    ######.


Dungeon Overview and Level Annotations

Branches:
Dungeon (4/15)
 Temple: D:4-7

Altars:
Fedhas
Yredelemnul
The Shining One


Innate Abilities, Weirdness & Mutations

Your plain brown scales are hard. (AC +5)
You cannot fit into any form of body armour.
You are cold-blooded and may be slowed by cold attacks.


Message History

The ogre hits you with a +0 giant club!
You are too injured to fight recklessly!
You are too injured to fight recklessly!
You are too injured to fight recklessly!
You are too injured to fight recklessly!
You hit the ogre.
The ogre is poisoned.
The ogre is heavily wounded.
The ogre barely misses you.
You barely miss the ogre.
The ogre is heavily wounded.
Your transformation is almost over.
The ogre closely misses you.
The ogre looks more healthy.
You hit the ogre but do no damage.
The ogre is poisoned.
The ogre is heavily wounded.
Your transformation has ended.
Your +0 cloak unmelds from your body.
The ogre hits you with a +0 giant club!!
Ouch! That really hurt!
You die...

##.###.... #.# #..##
#.# #..#
####.###..##
.###...........
.............##
####.##.###...# #.
#.###.#.###### .
#.##....@O...# #
#.#.#.#.####.####.#.
#..###..####..$.....
#.## ##...%.........
#.## ##.###..####..
## ##.......#
#.#####.## #.## #.#
..# #.#


You could see an ogre.

Vanquished Creatures
  A howler monkey (D:4)
  An iguana (D:4)
  A worker ant (D:4)
  6 adders
  A shadow imp (D:4)
  2 worms (D:2)
  2 dart slugs (D:3)
  2 leopard geckos
  8 orcs (D:3)
  2 ball pythons (D:3)
  5 bats
  6 giant cockroaches
  6 goblins
  6 hobgoblins
  7 jackals
  8 frilled lizards
  4 kobolds
  7 rats
75 creatures vanquished.

Notes
Turn   | Place    | Note
-------+----------+-------------------------------------------
     0 | D:1      | Duffy the Draconian Transmuter began the quest for the Orb.
     0 | D:1      | Reached XP level 1. HP: 16/16 MP: 3/3
   385 | D:1      | Reached XP level 2. HP: 20/23 MP: 5/5
   646 | D:1      | You fall through a shaft!
   651 | D:2      | Found a blossoming altar of Fedhas.
   720 | D:2      | Reached XP level 3. HP: 20/28 MP: 6/6
   734 | D:2      | Learned a level 2 spell: Sticks to Snakes
   738 | D:2      | Learned a level 3 spell: Spider Form
   873 | D:2      | Found a basalt altar of Yredelemnul.
  1558 | D:2      | Found a glowing golden altar of the Shining One.
  2256 | D:3      | Reached skill level 1 in Poison Magic
  2256 | D:3      | Reached XP level 4. HP: 16/35 MP: 3/7
  3058 | D:3      | Reached XP level 5. HP: 33/40 MP: 8/8
  3565 | D:4      | Noticed an ogre
  3580 | D:4      | Mangled by an ogre

Levels and vault maps discovered:
D:1:      minmay_arrival_glassed_features, layout_basic,
          corexii_item_surrounded_by_moat
D:2:      layout_basic, old_standard_altar, marbit_many_paths,
          lemuel_doored_altar, first_ration
D:3:      layout_rooms
D:4:      layout_loops_ring, nicolae_overflow_crystal_walls, serial_shops,
          shop_coins

Skill      XL: |  1  2  3  4  5 |
---------------+----------------+-----
Transmutations | 3 4 |  4.0
Poison Magic   | 1 2 |  2.6
Unarmed Combat | 4 |  4.6
Fighting       | |  1.1
Dodging        | |  1.7
Spellcasting   | |  2.0

Action                   |  1- 3 |  4- 6 || total
-------------------------+-------+-------++-------
Melee: Unarmed           |   173 |   130 ||   303
       Tailslap          |    14 |     7 ||    21
       Punch             |     1 |       ||     1
 Cast: Spider Form       |     2 |     7 ||     9
 Stab: Sleeping          |     2 |     1 ||     3
  Eat: Chunk             |     4 |     6 ||    10
Armor: Skin              |    70 |    31 ||   101
Dodge: Dodged            |   126 |   108 ||   234

Table legend:
 A = Non-vault XP
 B = Vault XP
 C = Vault XP percentage of total XP
 D = Non-vault monster count
 E = Vault monster count
 F = Vault count percentage of total count
                 A         B        C        D         E       F
            +---------+---------+-------+---------+---------+-------
      Total |     345 |       5 |   1.4 |      74 |       1 |   1.3
            +---------+---------+-------+---------+---------+-------
        D:1 |      35 |       0 |   0.0 |      21 |       0 |   0.0
        D:2 |      41 |       5 |  10.9 |      18 |       1 |   5.3
        D:3 |     124 |       0 |   0.0 |      30 |       0 |   0.0
        D:4 |     145 |       0 |   0.0 |       5 |       0 |   0.0
            +---------+---------+-------+---------+---------+-------
